TOP OF THE 1ST |
Surrey Sinners batting - Pitching for Saskatoon Smokin' Guns : RHP Luis Trujillo
|
Pitching: RHP Luis Trujillo
|
|
Batting: RHB Carlos Rodríguez
|
0-0: Ball 1-0: Called Strike 1-1: SINGLE (Line Drive, 6MD)
|
Batting: RHB Cooper Richard
|
0-0: Ball 1-0: Ball 2-0: Foul Ball, location: 2F 2-1: Foul Ball, location: 2F 2-2: Strikes out swinging
|
Batting: RHB Tony Cruz
|
0-0: Called Strike 0-1: Called Strike 0-2: Strikes out swinging
|
Batting: RHB Júlio Figueroa
|
0-0: Called Strike Carlos Rodríguez steals 2nd base 0-1: SINGLE (Line Drive, 5D) Carlos Rodríguez to third Runner from 3rd tries for Home, SAFE, no throw or cutoff
|
Batting: SHB Lawrence Steward
|
0-0: Fly out, F9 (Flyball, 89M)
|
Top of the 1st over - 1 run(s), 2 hit(s), 0 error(s), 1 left on base; Surrey 1 - Saskatoon 0 |
BOTTOM OF THE 1ST |
Saskatoon Smokin' Guns batting - Pitching for Surrey Sinners : RHP Phil Parker
|
Pitching: RHP Phil Parker
|
|
Batting: RHB Oliver Harris
|
0-0: Ball 1-0: Ball 2-0: Foul Ball, location: 2F 2-1: SINGLE (Groundball, 6MD)
|
Batting: RHB Eric Neal
|
0-0: Ball 1-0: Fielders Choice at 2nd, 6-4 (Groundball, 6)
|
Batting: LHB Freddy Herrera
|
0-0: Called Strike 0-1: Swinging Strike 0-2: Ball 1-2: Foul Ball, location: 2F 1-2: Ball 2-2: Strikes out swinging
|
Batting: LHB Del Kennedy
|
0-0: Ball 1-0: Fly out, F7 (Flyball, 78D)
|
Bottom of the 1st over - 0 run(s), 1 hit(s), 0 error(s), 1 left on base; Surrey 1 - Saskatoon 0 |
TOP OF THE 2ND |
Surrey Sinners batting - Pitching for Saskatoon Smokin' Guns : RHP Luis Trujillo
|
Batting: LHB Martin Short
|
0-0: Ball 1-0: Ball 2-0: Foul Ball, location: 2F 2-1: Ground out 4-3 (Groundball, 4M)
|
Batting: RHB Omar Tobías
|
0-0: Ball 1-0: Ball 2-0: Foul Ball, location: 2F 2-1: Called Strike 2-2: Foul Ball, location: 2F 2-2: Strikes out looking
|
Batting: LHB Benny Richard
|
0-0: Foul Ball, location: 2F 0-1: Ball 1-1: Called Strike 1-2: Ball 2-2: Strikes out looking
|
Top of the 2nd over - 0 run(s), 0 hit(s), 0 error(s), 0 left on base; Surrey 1 - Saskatoon 0 |
BOTTOM OF THE 2ND |
Saskatoon Smokin' Guns batting - Pitching for Surrey Sinners : RHP Phil Parker
|
Batting: RHB António Yánez
|
0-0: Foul Ball, location: 2F 0-1: Foul Ball, location: 2F 0-2: Ball 1-2: Strikes out swinging
|
Batting: RHB Pedro Núñez
|
0-0: Foul Ball, location: 2F 0-1: Ground out 1-3 (Groundball, 13)
|
Batting: RHB Chris Richards
|
0-0: Called Strike 0-1: Fly out, F9 (Flyball, 89M)
|
Bottom of the 2nd over - 0 run(s), 0 hit(s), 0 error(s), 0 left on base; Surrey 1 - Saskatoon 0 |
TOP OF THE 3RD |
Surrey Sinners batting - Pitching for Saskatoon Smokin' Guns : RHP Luis Trujillo
|
Batting: LHB Edmund Ross
|
0-0: Bunted foul 0-1: Swinging Strike 0-2: DOUBLE (Line Drive, 8RXD)
|
Batting: RHB Carlos Rodríguez
|
0-0: Ball 1-0: Swinging Strike 1-1: Called Strike 1-2: Foul Ball, location: 2F 1-2: Foul Ball, location: 2F 1-2: Strikes out swinging
|
Batting: RHB Cooper Richard
|
0-0: Called Strike Edmund Ross steals 3rd base 0-1: Ball 1-1: Called Strike 1-2: Ball Wild Pitch! Edmund Ross scores 2-2: Ball 3-2: Foul Ball, location: 2F 3-2: Strikes out looking
|
Batting: RHB Tony Cruz
|
0-0: Foul Ball, location: 2F 0-1: Fly out, F8 (Line Drive, 89D)
|
Top of the 3rd over - 1 run(s), 1 hit(s), 0 error(s), 0 left on base; Surrey 2 - Saskatoon 0 |
BOTTOM OF THE 3RD |
Saskatoon Smokin' Guns batting - Pitching for Surrey Sinners : RHP Phil Parker
|
Batting: RHB Alvin Hampton
|
0-0: Ball 1-0: Called Strike 1-1: Swinging Strike 1-2: Ground out 6-3 (Groundball, 6M)
|
Batting: RHB Jason O'Toole
|
0-0: Fly out, F7 (Flyball, 78M)
|
Batting: RHB Oliver Harris
|
0-0: Ball 1-0: Swinging Strike 1-1: Ball 2-1: Ball 3-1: Foul Ball, location: 2F 3-2: Fly out, F7 (Flyball, 78M)
|
Bottom of the 3rd over - 0 run(s), 0 hit(s), 0 error(s), 0 left on base; Surrey 2 - Saskatoon 0 |
TOP OF THE 4TH |
Surrey Sinners batting - Pitching for Saskatoon Smokin' Guns : RHP Luis Trujillo
|
Batting: RHB Júlio Figueroa
|
0-0: Foul Ball, location: 2F 0-1: Swinging Strike 0-2: Ball 1-2: Strikes out swinging
|
Batting: SHB Lawrence Steward
|
0-0: Ball 1-0: Foul Ball, location: 2F 1-1: Ball 2-1: Ball 3-1: Foul Ball, location: 2F 3-2: Base on Balls
|
Batting: LHB Martin Short
|
0-0: Ball 1-0: Ball 2-0: Ball 3-0: Called Strike 3-1: Grounds into double play, 4-6-3 (Groundball, 4)
|
Top of the 4th over - 0 run(s), 0 hit(s), 0 error(s), 0 left on base; Surrey 2 - Saskatoon 0 |
BOTTOM OF THE 4TH |
Saskatoon Smokin' Guns batting - Pitching for Surrey Sinners : RHP Phil Parker
|
Batting: RHB Eric Neal
|
0-0: SINGLE (Flyball, 7LS)
|
Batting: LHB Freddy Herrera
|
0-0: Ball 1-0: Called Strike 1-1: Ball 2-1: Foul Ball, location: 2F 2-2: Ball 3-2: Foul Ball, location: 2F 3-2: SINGLE (Groundball, 34D) Eric Neal to second Eric Neal to third
|
Batting: LHB Del Kennedy
|
0-0: Called Strike 0-1: DOUBLE (Groundball, 3L) Eric Neal scores Freddy Herrera to third Runner from 3rd tries for Home, SAFE, no throw or cutoff
|
Batting: RHB António Yánez
|
0-0: Called Strike 0-1: Ball 1-1: Foul Ball, location: 2F 1-2: Foul Ball, location: 2F 1-2: Ball 2-2: Foul Ball, location: 2F 2-2: Ground out 6-3 (Groundball, 6) Del Kennedy to third
|
Batting: RHB Pedro Núñez
|
0-0: 2-RUN HOME RUN (Flyball, 7D), Distance : 418 ft
|
Batting: RHB Chris Richards
|
0-0: Called Strike 0-1: Ball 1-1: Ball 2-1: Ball 3-1: Base on Balls
|
Batting: RHB Alvin Hampton
|
0-0: Fly out, F7 (Flyball, 78M)
|
Batting: RHB Jason O'Toole
|
0-0: Called Strike 0-1: SINGLE (Groundball, 6MD) Chris Richards to second Runner from 2nd tries for 3rd, SAFE, throw made to third
|
Batting: RHB Oliver Harris
|
0-0: Fly out, F7 (Line Drive, 7S)
|
Bottom of the 4th over - 4 run(s), 5 hit(s), 0 error(s), 2 left on base; Surrey 2 - Saskatoon 4 |
TOP OF THE 5TH |
Surrey Sinners batting - Pitching for Saskatoon Smokin' Guns : RHP Luis Trujillo
|
Batting: RHB Omar Tobías
|
0-0: Ball 1-0: Swinging Strike 1-1: Foul Ball, location: 2F 1-2: Ball 2-2: Ball 3-2: Base on Balls
|
Batting: LHB Benny Richard
|
0-0: Ball 1-0: Called Strike Omar Tobías is caught stealing 2nd base 1-1: Ball 2-1: Foul Ball, location: 2F 2-2: Foul Ball, location: 2F 2-2: Foul Ball, location: 2F 2-2: Strikes out swinging
|
Batting: LHB Edmund Ross
|
0-0: Swinging Strike 0-1: Called Strike 0-2: Strikes out swinging
|
Top of the 5th over - 0 run(s), 0 hit(s), 0 error(s), 0 left on base; Surrey 2 - Saskatoon 4 |
BOTTOM OF THE 5TH |
Saskatoon Smokin' Guns batting - Pitching for Surrey Sinners : RHP Phil Parker
|
Batting: RHB Eric Neal
|
0-0: Ball 1-0: Called Strike 1-1: Ball 2-1: Foul Ball, location: 2F 2-2: Ball 3-2: Base on Balls
|
Batting: LHB Freddy Herrera
|
0-0: Called Strike 0-1: Ball 1-1: Ball 2-1: Called Strike 2-2: Strikes out looking
|
Batting: LHB Del Kennedy
|
0-0: Ball 1-0: Ball Eric Neal steals 2nd base 2-0: Called Strike 2-1: Ball 3-1: Base on Balls
|
Batting: RHB António Yánez
|
0-0: Called Strike 0-1: Ball 1-1: Ball 2-1: Ball 3-1: Foul Ball, location: 2F 3-2: Base on Balls Eric Neal to third Del Kennedy to second
|
Batting: RHB Pedro Núñez
|
0-0: Grounds into double play, 6-4-3 (Groundball, 6)
|
Bottom of the 5th over - 0 run(s), 0 hit(s), 0 error(s), 2 left on base; Surrey 2 - Saskatoon 4 |
TOP OF THE 6TH |
Surrey Sinners batting - Pitching for Saskatoon Smokin' Guns : RHP Luis Trujillo
|
Batting: RHB Carlos Rodríguez
|
0-0: Foul Ball, location: 2F 0-1: Ball 1-1: Fly out, F7 (Flyball, 78S)
|
Batting: RHB Cooper Richard
|
0-0: Called Strike 0-1: Foul Ball, location: 2F 0-2: Ball 1-2: Ball 2-2: Strikes out swinging
|
Batting: RHB Tony Cruz
|
0-0: Called Strike 0-1: Ball 1-1: Ball 2-1: Called Strike 2-2: Ball 3-2: Strikes out looking
|
Top of the 6th over - 0 run(s), 0 hit(s), 0 error(s), 0 left on base; Surrey 2 - Saskatoon 4 |
BOTTOM OF THE 6TH |
Saskatoon Smokin' Guns batting - Pitching for Surrey Sinners : RHP Phil Parker
|
Batting: RHB Chris Richards
|
0-0: Called Strike 0-1: Called Strike 0-2: Ball 1-2: DOUBLE (Line Drive, 7M)
|
Pitching: RHP Allen Bannatyne
|
|
Batting: RHB Alvin Hampton
|
0-0: Swinging Strike 0-1: Foul Ball, location: 2F 0-2: Ball 1-2: Strikes out looking
|
Batting: RHB Jason O'Toole
|
0-0: Ball 1-0: Ball 2-0: Called Strike 2-1: Foul Ball, location: 2F 2-2: Strikes out swinging
|
Batting: RHB Oliver Harris
|
0-0: SINGLE (Line Drive, 34D) Chris Richards to third
|
Batting: RHB Eric Neal
|
0-0: Called Strike 0-1: Ball 1-1: Called Strike 1-2: Foul Ball, location: 2F 1-2: Strikes out looking
|
Bottom of the 6th over - 0 run(s), 2 hit(s), 0 error(s), 2 left on base; Surrey 2 - Saskatoon 4 |
TOP OF THE 7TH |
Surrey Sinners batting - Pitching for Saskatoon Smokin' Guns : RHP Luis Trujillo
|
Pitching: RHP Allen Collins
|
|
Batting: RHB Júlio Figueroa
|
0-0: Ball 1-0: Swinging Strike 1-1: Foul Ball, location: 2F 1-2: Ball 2-2: Strikes out looking
|
Batting: SHB Lawrence Steward
|
0-0: Ball 1-0: Called Strike 1-1: Foul Ball, location: 2F 1-2: Ground out 4-3 (Groundball, 4)
|
Batting: LHB Martin Short
|
0-0: Ball 1-0: Ground out 4-3 (Groundball, 4M)
|
Top of the 7th over - 0 run(s), 0 hit(s), 0 error(s), 0 left on base; Surrey 2 - Saskatoon 4 |
BOTTOM OF THE 7TH |
Saskatoon Smokin' Guns batting - Pitching for Surrey Sinners : RHP Allen Bannatyne
|
Batting: LHB Freddy Herrera
|
0-0: Called Strike 0-1: Called Strike 0-2: Ball 1-2: Foul Ball, location: 2F 1-2: Foul Ball, location: 2F 1-2: Foul Ball, location: 2F 1-2: Fly out, F8 (Popup, 4MD)
|
Batting: LHB Del Kennedy
|
0-0: DOUBLE (Line Drive, 78XD)
|
Batting: RHB António Yánez
|
0-0: Intentional Walk
|
Batting: RHB Pedro Núñez
|
0-0: Called Strike 0-1: Swinging Strike 0-2: Foul Ball, location: 2F 0-2: Foul Ball, location: 2F 0-2: Ball 1-2: Ball 2-2: Foul Ball, location: 2F 2-2: Ball 3-2: Base on Balls Del Kennedy to third António Yánez to second
|
Pinch Hitting: RHB Kenny Thompson
|
0-0: Called Strike 0-1: Grounds into fielders choice 1-2 (Groundball, 13) António Yánez to third Pedro Núñez to second
|
Batting: RHB Alvin Hampton
|
0-0: Ball 1-0: Called Strike 1-1: Foul Ball, location: 2F 1-2: Strikes out swinging
|
Bottom of the 7th over - 0 run(s), 1 hit(s), 0 error(s), 3 left on base; Surrey 2 - Saskatoon 4 |
TOP OF THE 8TH |
Surrey Sinners batting - Pitching for Saskatoon Smokin' Guns : RHP Allen Collins
|
Now in LF: José Suárez
|
|
Batting: RHB Omar Tobías
|
0-0: Called Strike 0-1: Ball 1-1: Foul Ball, location: 2F 1-2: Ball 2-2: Reached on error, E6 (Groundball, 6)
|
Pitching: RHP Bernie Titus
|
|
Batting: LHB Benny Richard
|
0-0: Ball 1-0: Foul Ball, location: 2F 1-1: Swinging Strike 1-2: Strikes out looking
|
Pitching: LHP Macy Catron
|
|
Batting: LHB Edmund Ross
|
0-0: Called Strike 0-1: Ball 1-1: Ball 2-1: Ball 3-1: Base on Balls Omar Tobías to second
|
Pitching: RHP Lorenzo Montáñez
|
|
Pinch Hitting: LHB Larry Howard
|
0-0: Ground out 4-3 (Groundball, 4M) Omar Tobías to third Edmund Ross to second
|
Pinch Hitting: RHB Víctor Arredondo
|
0-0: Called Strike 0-1: Ball 1-1: SINGLE (Groundball, 6MD) (infield hit) Omar Tobías scores Edmund Ross to third
|
Batting: RHB Tony Cruz
|
0-0: Ball 1-0: Swinging Strike 1-1: Ball 2-1: Ball 3-1: Base on Balls Víctor Arredondo to second
|
Batting: RHB Júlio Figueroa
|
0-0: Swinging Strike 0-1: Swinging Strike 0-2: Ball 1-2: Fly out, F8 (Flyball, 8LM)
|
Top of the 8th over - 1 run(s), 1 hit(s), 1 error(s), 3 left on base; Surrey 3 - Saskatoon 4 |
BOTTOM OF THE 8TH |
Saskatoon Smokin' Guns batting - Pitching for Surrey Sinners : RHP Allen Bannatyne
|
Pitching: RHP Juan Tapia
|
|
Now at 3B: Héctor Berrios
|
|
Now in LF: Víctor Arredondo
|
|
Batting: RHB Jason O'Toole
|
0-0: Foul Ball, location: 2F 0-1: Hit by Pitch
|
Batting: RHB Oliver Harris
|
0-0: Ball 1-0: Sac Bunt - play at first, batter OUT! 5-4 Jason O'Toole to second
|
Batting: RHB Eric Neal
|
0-0: Ball Jason O'Toole steals 3rd base 1-0: Foul Ball, location: 2F 1-1: Ball 2-1: Fly out, F7 (Flyball, 7M) Runner from 3rd tags up, SCORES, no throw
|
Batting: LHB Freddy Herrera
|
0-0: Foul Ball, location: 2F 0-1: Ball 1-1: Ground out 4-3 (Groundball, 4)
|
Bottom of the 8th over - 1 run(s), 0 hit(s), 0 error(s), 0 left on base; Surrey 3 - Saskatoon 5 |
TOP OF THE 9TH |
Surrey Sinners batting - Pitching for Saskatoon Smokin' Guns : RHP Lorenzo Montáñez
|
Pitching: RHP Clayton Hawkins
|
|
Batting: SHB Lawrence Steward
|
0-0: Swinging Strike 0-1: Foul Ball, location: 2F 0-2: Ball 1-2: Ball 2-2: Ball 3-2: Foul Ball, location: 2F 3-2: Foul Ball, location: 2F 3-2: Base on Balls
|
Pinch Hitting: RHB Jesús Gonzáles
|
0-0: Ball 1-0: DOUBLE (Flyball, 78M) Lawrence Steward to third
|
Pinch Hitting: RHB Steve Bender
|
0-0: Foul Ball, location: 2F 0-1: Foul Ball, location: 2F 0-2: Ball 1-2: Foul Ball, location: 2F 1-2: Ball 2-2: SINGLE (Groundball, 34D) Lawrence Steward scores Jesús Gonzáles to third Runner from 3rd tries for Home, SAFE, no throw or cutoff
|
Pinch Runner at 1st Jesús Hernández:
|
|
Batting: LHB Benny Richard
|
0-0: Ball 1-0: Sac Bunt - play at first, batter OUT! 1-4 Jesús Hernández to second
|
Batting: LHB Edmund Ross
|
0-0: Intentional Walk
|
Pinch Hitting: RHB Bill Little
|
0-0: Called Strike Jesús Hernández steals 3rd base Edmund Ross to second 0-1: Called Strike 0-2: Foul Ball, location: 2F 0-2: SINGLE (Line Drive, 56) Jesús Hernández scores Edmund Ross to third Runner from 3rd tries for Home, SAFE, no throw or cutoff
|
Pitching: LHP Alfonso Quintero
|
|
Batting: RHB Víctor Arredondo
|
0-0: Called Strike 0-1: Swinging Strike 0-2: Ball 1-2: Strikes out swinging
|
Batting: RHB Tony Cruz
|
0-0: Ball 1-0: Swinging Strike 1-1: Swinging Strike 1-2: Ball 2-2: Foul Ball, location: 2F 2-2: Ball 3-2: Base on Balls Bill Little to second
|
Batting: RHB Júlio Figueroa
|
0-0: Called Strike 0-1: Foul Ball, location: 2F 0-2: Strikes out swinging
|
Top of the 9th over - 4 run(s), 3 hit(s), 0 error(s), 2 left on base; Surrey 7 - Saskatoon 5 |
BOTTOM OF THE 9TH |
Saskatoon Smokin' Guns batting - Pitching for Surrey Sinners : RHP Juan Tapia
|
Pitching: LHP Artie Nelson
|
|
Now at 2B: Jesús Gonzáles
|
|
Now at 3B: César Osequedo
|
|
Batting: LHB Del Kennedy
|
0-0: Foul Ball, location: 2F
|
Now in LF: Jesús Hernández
|
0-1: Ball 1-1: DOUBLE (Line Drive, 9LM)
|
Batting: RHB António Yánez
|
0-0: Swinging Strike 0-1: Ball 1-1: Ball 2-1: Ball 3-1: Base on Balls
|
Batting: RHB Pedro Núñez
|
0-0: Ball 1-0: Called Strike 1-1: Ball 2-1: Sac Bunt - play at first, batter OUT! U3 Del Kennedy to third António Yánez to second
|
Pinch Hitting: RHB Gary Spencer
|
0-0: Ball 1-0: Ball 2-0: Called Strike 2-1: Ball 3-1: Base on Balls
|
Batting: RHB Alvin Hampton
|
0-0: Grounds into double play, 6-4-3 (Groundball, 6M)
|
Bottom of the 9th over - 0 run(s), 1 hit(s), 0 error(s), 2 left on base; Surrey 7 - Saskatoon 5 |
|